 Dungeon Crawl Stone Soup version 0.23.2-33-g5129a83184 (webtiles) character file.

Game seed: 15924025634843257282

13869 Tamar101 the Grappler (level 11, -5/110 (111) HPs)
             Began as a Troll Hunter on July 11, 2019.
             Was a Priest of Ru.
             Slain by a white ugly thing (32 damage)
             ... in an ice cave.
             The game lasted 00:32:06 (12411 turns).

Tamar101 the Grappler (Troll Hunter)               Turns: 12411, Time: 00:32:06

HP:   -5/110 (111)  AC: 20    Str: 25    XL:     11   Next: 81%
MP:   13/13         EV:  9    Int:  8    God:    Ru [***...]
Gold: 636           SH: 14    Dex: 10    Spells: 10/10 levels left

rFire    . . .     SeeInvis .     - Unarmed
rCold    . . .     Gourm    +   A - +0 large shield
rNeg     . . .     Faith    .   D - +3 steam dragon scales
rPois    +         Spirit   .   k - +2 hat {Int+3}
rElec    .         Reflect  .   p - +2 cloak {+Inv}
rCorr    .         Harm     .   (gloves unavailable)
MR       .....                  (boots unavailable)
Stlth    ..........             (no amulet)
HPRegen  0.68/turn              u - ring of poison resistance
MPRegen  0.13/turn              I - +3 ring of protection

@: exhausted, lightly drained
A: large, unfitting armour, claws 3, dopey 1, fast metabolism 3, gourmand,
regeneration 1, screaming 1, shaggy fur 1, tough skin 3, no stealth,
inexperienced 1
a: Draw Out Power, Renounce Religion, Evoke Invisibility


You were in an ice cave.
You worshipped Ru.
Ru was most pleased with you.
You were not hungry.

You visited 2 branches of the dungeon, and saw 14 of its levels.
You also visited: Ice Cave.

You collected 974 gold pieces.
You spent 338 gold pieces at shops.

Inventory:

Hand Weapons
 a - a +1 short sword
Missiles
 d - 2 throwing nets (quivered) {!f}
Armour
 b - a +1 robe
 k - a +2 hat of intelligence (worn)
 p - a +2 cloak of invisibility (worn)
 A - a +0 large shield (worn)
 D - +3 steam dragon scales (worn)
Jewellery
 e - an uncursed ring of flight
 r - an uncursed ring of fire
 s - an uncursed ring of fire
 u - a ring of poison resistance (left claw)
 H - an uncursed ring of resist corrosion
 I - a +3 ring of protection (right claw)
Wands
 w - a wand of disintegration (9)
 y - a wand of random effects (13)
 B - a wand of acid (4)
 C - a wand of paralysis (8)
 E - a wand of polymorph (16)
 F - a wand of iceblast (7)
 J - a wand of enslavement (11)
Scrolls
 g - 4 scrolls of enchant weapon
 h - 4 scrolls of remove curse
 i - 2 scrolls of identify
 l - 4 scrolls of amnesia
 m - 3 scrolls of teleportation
Potions
 j - 8 potions of curing
 n - 2 potions of might
 o - 2 potions of agility
 q - 2 potions of brilliance
 t - 3 potions of heal wounds
 v - 3 potions of flight
 x - a potion of resistance
 z - a potion of haste
 G - 2 potions of invisibility
Comestibles
 f - 30 rations


   Skills:
 + Level 8.1(7.7) Fighting
 - Level 3.6(3.2) Throwing
 + Level 8.1(7.7) Dodging
 + Level 4.0(3.7) Shields
 * Level 12.9(12.5) Unarmed Combat
 - Level 5.0(4.6) Evocations


You had 10 spell levels left.
You didn't know any spells.
Your spell library contained the following spells:

 Spells                   Type           Power        Failure   Level  Hunger
 Animate Skeleton         Necr           N/A          99%         1    ##.....
 Flame Tongue             Conj/Fire      #....        99%         1    ##.....
 Pain                     Necr           #...         99%         1    ##.....
 Sandblast                Erth           #.....       99%         1    ##.....
 Passwall                 Tmut/Erth      #.......     100%        2    ###....
 Throw Flame              Conj/Fire      #.....       100%        2    ###....
 Conjure Flame            Conj/Fire      #.......     100%        3    ####...
 Inner Flame              Hex/Fire       #.......     100%        3    ####...
 Regeneration             Chrm/Necr      #.........   100%        3    ####...
 Stone Arrow              Conj/Erth      #.....       100%        3    ####...
 Vampiric Draining        Necr           #.........   100%        3    ####...
 Animate Dead             Necr           N/A          100%        4    #####..
 Petrify                  Tmut/Erth      #.......     100%        4    #####..
 Sticky Flame             Conj/Fire      #.......     100%        4    #####..
 Fireball                 Conj/Fire      #.........   100%        5    ######.
 Irradiate                Conj/Tmut      #.........   100%        5    ######.
 Lee's Rapid Deconstruct  Erth           #.........   100%        5    ######.
 Hydra Form               Tmut           #.........   100%        6    #######
 Statue Form              Tmut/Erth      #........    100%        6    #######
 Dragon Form              Tmut           #.........   100%        7    #######


Dungeon Overview and Level Annotations

Branches:
Dungeon (11/15)            Temple (0/1) D:7            Lair (3/6) D:9
  Swamp (0/4) Lair:2        Snake (0/4) Lair:2
    Orc: D:9-12

Altars:
Dithmenos
Elyvilon
Gozag
Nemelex Xobeh
Ru
Trog
Uskayaw
Vehumet
Xom
Yredelemnul
The Shining One

Shops:
D:6 =   D:8 *

Annotations:
D:5 1 runed translucent door


Innate Abilities, Weirdness & Mutations

You are too large for most types of armour.
You have claws for hands.
You are dopey. (Int -2)
Your metabolism is lightning-fast.
You like to eat raw meat.
Your natural rate of healing is unusually fast.
You occasionally shout uncontrollably at your foes.
You are covered in fur. (AC +1)
You have extremely tough skin. (AC +3)
You cannot be stealthy.
You are somewhat inexperienced. (-2 XL)


Message History

You feel drained.
The white ugly thing tentacle-slaps you!
* * * LOW HITPOINT WARNING * * *
The white ugly thing freezes you!!
* * * LOW HITPOINT WARNING * * *
Evoke which item? (* to show all) (? for menu, Esc to quit)
Aiming: Paralyse
Press: ? - help, Shift-Dir - straight line, f - white ugly thing
Aim: a white ugly thing (chance to defeat MR: 42%)
The white ugly thing resists with some effort.
You block the white ugly thing's attack.
Evoke which item? (* to show all) (? for menu, Esc to quit)
Aiming: Paralyse
Press: ? - help, Shift-Dir - straight line, f/p - white ugly thing
Aim: a white ugly thing (chance to defeat MR: 42%)
The white ugly thing resists with some effort.
The white ugly thing tentacle-slaps you.
* * * LOW HITPOINT WARNING * * *
The white ugly thing freezes you!!
You die...

.......
...§. ...
###.###
##.....##
##.......##
#.........#
#......u..#
#......@..#
#.........#
#(.......(#
#####.#####
#.......((#
#.÷.......#
#........[#
#.........#
#.........#


You could see a white ugly thing.

Vanquished Creatures
  Gastronok (Lair:3)
  A hydra (Lair:2)
  2 two-headed ogres
  Pikel (D:4)
  An ugly thing (IceCv)
  3 ice statues (IceCv)
  2 spiny frogs
  A rime drake (Lair:1)
  A komodo dragon (D:9)
  A troll (D:10)
  Grinder (D:3)
  4 blink frogs (Lair:2)
  A bog body (Lair:2)
  5 hippogriffs
  A meliai zombie (D:10)
  A shadow (D:7)
  21 yaks
  3 hogs (D:7)
  A human (D:7)
  A hungry ghost (D:7)
  A steam dragon (D:9)
  3 nagas (Lair:2)
  2 porcupines (Lair:1)
  4 slaves
  2 water moccasins
  A sky beast (D:9)
  4 orc warriors
  A black bear (D:10)
  9 ice beasts
  3 phantoms
  4 ogres
  A necrophage (D:5)
  4 crocodiles
  A centaur (D:10)
  4 big kobolds
  6 bullfrogs
  4 scorpions
  2 jellies
  2 howler monkeys
  A bullfrog zombie (D:9)
  5 crimson imps
  3 hounds
  A quasit (D:10)
  Crazy Yiuf (D:3)
  12 orc priests
  2 bullfrog skeletons
  A gnoll shaman (D:6)
  An iron imp (D:6)
  2 centaur skeletons
  Jessica (D:2)
  5 iguanas
  11 orc wizards
  8 worker ants
  Natasha (D:3)
  A worker ant zombie (D:10)
  Robin (D:2)
  11 adders
  11 gnolls
  A shadow imp (D:6)
  2 oozes
  An adder skeleton (D:5)
  An adder zombie (D:6)
  A worm (D:2)
  A dart slug (D:3)
  4 leopard geckos
  40 orcs
  3 giant cockroaches
  12 goblins
  8 hobgoblins
  11 jackals
  2 quokkas
  3 bats
  5 frilled lizards
  A giant cockroach zombie (D:5)
  2 goblin skeletons (D:6)
  4 goblin zombies (D:6)
  3 hobgoblin zombies (D:6)
  A jackal skeleton (D:6)
  A jackal zombie (D:5)
  26 kobolds
  A kobold skeleton (D:6)
  2 orc skeletons (D:6)
  An orc zombie (D:6)
  3 quokka skeletons
  3 rats
  A fungus (D:4)
334 creatures vanquished.

Vanquished Creatures (others)
  A fungus (Lair:2)
  2 plants (D:9)
  6 toadstools (D:4)
9 creatures vanquished.

Grand Total: 343 creatures vanquished

Notes
Turn   | Place    | Note
-------+----------+-------------------------------------------
     0 | D:1      | Tamar101 the Troll Hunter began the quest for the Orb.
     0 | D:1      | Reached XP level 1. HP: 19/19 MP: 0/0
   417 | D:1      | Reached skill level 1 in Unarmed Combat
   479 | D:1      | Reached XP level 2. HP: 28/28 MP: 1/1
   958 | D:2      | Found an opulent altar of Gozag.
   968 | D:2      | Reached skill level 2 in Unarmed Combat
   968 | D:2      | Reached XP level 3. HP: 34/35 MP: 2/2
  1075 | D:2      | Noticed Jessica
  1081 | D:2      | Killed Jessica
  1102 | D:2      | Reached XP level 4. HP: 36/42 MP: 3/3
  1208 | D:2      | Noticed Robin
  1237 | D:2      | Killed Robin
  1288 | D:2      | Reached skill level 3 in Unarmed Combat
  1298 | D:2      | Reached XP level 5. HP: 49/50 MP: 4/4
  1835 | D:3      | Reached skill level 4 in Unarmed Combat
  2000 | D:3      | Noticed Natasha
  2022 | D:3      | Killed Natasha
  2022 | D:3      | Reached XP level 6. HP: 58/59 MP: 5/5
  2111 | D:3      | Noticed Grinder
  2116 | D:3      | Paralysed by Grinder for 5 turns
  2139 | D:3      | Paralysed by Grinder for 3 turns
  2148 | D:3      | Paralysed by Grinder for 3 turns
  2169 | D:3      | Killed Grinder
  2284 | D:3      | Reached skill level 5 in Unarmed Combat
  2354 | D:3      | Found a shadowy altar of Dithmenos.
  2513 | D:3      | Reached XP level 7. HP: 67/67 MP: 6/6
  2618 | D:3      | Found a runed translucent door.
  2619 | D:3      | Noticed Crazy Yiuf
  2833 | D:3      | Killed Crazy Yiuf
  3174 | D:4      | Noticed Pikel
  3520 | D:4      | Found a shimmering altar of Xom.
  3810 | D:4      | Reached skill level 1 in Evocations
  3902 | D:4      | Killed Pikel
  3902 | D:4      | Reached skill level 6 in Unarmed Combat
  3902 | D:4      | Reached XP level 8. HP: 69/78 MP: 6/8
  3923 | D:5      | Entered Level 5 of the Dungeon
  3926 | D:5      | You fall through a shaft for 2 floors!
  4065 | D:7      | Reached skill level 7 in Unarmed Combat
  4520 | D:7      | Reached XP level 9. HP: 54/87 MP: 8/10
  4849 | D:6      | Found a sacrificial altar of Ru.
  4860 | D:6      | Became a worshipper of Ru the Awakened
  4877 | D:6      | Found Epoug's Jewellery Shop.
  4885 | D:6      | Bought an uncursed ring of poison resistance for 280 gold
                  | pieces
  4926 | D:6      | Found a glowing golden altar of the Shining One.
  4928 | D:6      | Reached skill level 8 in Unarmed Combat
  4978 | D:6      | Reached skill level 5 in Fighting
  4978 | D:6      | Reached skill level 5 in Dodging
  5297 | D:6      | Reached skill level 9 in Unarmed Combat
  5453 | D:6      | Found a hide-covered altar of Uskayaw.
  5804 | D:5      | Gained mutation: You occasionally shout uncontrollably at
                  | your foes. [Ru sacrifice]
  6057 | D:5      | Found a runed translucent door.
  6059 | D:5      | Found a basalt altar of Yredelemnul.
  6264 | D:5      | Reached XP level 10. HP: 97/97 MP: 11/11
  6588 | D:7      | Noticed a two-headed ogre
  6601 | D:7      | Killed a two-headed ogre
  6601 | D:7      | Reached skill level 10 in Unarmed Combat
  7126 | D:7      | Found a staircase to the Ecumenical Temple.
  7607 | D:8      | Found a bloodstained altar of Trog.
  7665 | D:8      | Found Xyna's Mass Market.
  7673 | D:8      | Bought a +0 large shield for 58 gold pieces
  8155 | D:9      | Gained mutation: You are somewhat inexperienced. (-2 XL)
                  | [Ru sacrifice]
  8155 | D:9      | Reached XP level 9. HP: 91/91 MP: 11/11
  8155 | D:9      | Reached XP level 8. HP: 83/83 MP: 10/10
  8155 | D:9      | Reached * piety under Ru
  8155 | D:9      | Reached ** piety under Ru
  8178 | D:9      | Found a shadowy altar of Dithmenos.
  8237 | D:9      | Found a sparkling altar of Nemelex Xobeh.
  8287 | D:9      | Noticed a hippogriff
  8302 | D:9      | Killed a hippogriff
  8302 | D:9      | Reached XP level 9. HP: 79/91 MP: 11/11
  8333 | D:9      | Reached skill level 5 in Evocations
  8456 | D:9      | Found a white marble altar of Elyvilon.
  8462 | D:9      | Reached skill level 11 in Unarmed Combat
  8683 | D:9      | Found a staircase to the Lair.
  8684 | D:9      | Noticed a komodo dragon
  8690 | D:9      | Noticed a two-headed ogre
  8716 | D:9      | Killed a komodo dragon
  8817 | D:9      | Killed a two-headed ogre
  8817 | D:9      | Reached XP level 10. HP: 99/99 MP: 12/12
  8831 | D:9      | Reached skill level 1 in Shields
  8975 | D:9      | Found a white marble altar of Elyvilon.
  8976 | D:9      | Found a radiant altar of Vehumet.
  9026 | D:10     | Entered Level 10 of the Dungeon
  9619 | D:10     | Gained mutation: You are dopey. (Int -2) [Ru sacrifice]
  9884 | D:11     | Noticed a white ugly thing
  9886 | D:11     | Noticed a skeletal warrior
  9969 | Lair:1   | Entered Level 1 of the Lair of Beasts
 10050 | Lair:1   | Noticed a spiny frog
 10056 | Lair:1   | Killed a spiny frog
 10680 | Lair:2   | Noticed a spiny frog
 10686 | Lair:2   | Killed a spiny frog
 10686 | Lair:2   | Reached skill level 12 in Unarmed Combat
 10686 | Lair:2   | Reached XP level 11. HP: 93/108 MP: 13/13
 10986 | Lair:2   | Found a staircase to the Swamp.
 11147 | Lair:2   | Found a staircase to the Snake Pit.
 11407 | Lair:2   | Noticed a four-headed hydra
 11421 | Lair:2   | Killed a ten-headed hydra
 11738 | Lair:3   | Noticed Gastronok
 11739 | Lair:3   | Found a frozen archway.
 11891 | Lair:3   | Killed Gastronok
 11899 | Lair:3   | Gained mutation: You cannot be stealthy. [Ru sacrifice]
 11899 | Lair:3   | Reached *** piety under Ru
 11926 | IceCv    | Entered an ice cave
 12048 | IceCv    | Noticed a white ugly thing
 12062 | IceCv    | Killed a red ugly thing
 12395 | IceCv    | Noticed a white ugly thing
 12398 | IceCv    | Found the +10 large shield of Ignorance {rN+ Int-4}
 12411 | IceCv    | Slain by a white ugly thing

Skill      XL: |  1  2  3  4  5  6  7  8  9 10 11 |
---------------+----------------------------------+-----
Unarmed Combat | 1 2 3 4 5 6 7 11 12 | 12.9
Dodging        | 2 3 4 5 7 8 |  8.1
Fighting       | 2 3 4 5 7 8 |  8.1
Evocations     | 1 2 5 4 |  5.0
Shields        | 2 4 |  4.0
Throwing       | |  3.6

Action                   |  1- 3 |  4- 6 |  7- 9 | 10-12 || total
-------------------------+-------+-------+-------+-------++-------
Melee: Unarmed           |    66 |   168 |   482 |   452 ||  1168
       Punch             |       |     1 |    17 |    15 ||    33
Throw: Large rock        |       |       |       |     5 ||     5
Invok: Sacrifice Experie |       |       |     1 |       ||     1
       Sacrifice Purity  |       |       |     1 |     1 ||     2
       Draw Out Power    |       |       |       |     1 ||     1
       Sacrifice Stealth |       |       |       |     1 ||     1
 Abil: Evoke Invisibilit |       |       |     3 |     8 ||    11
Evoke: Wand              |       |       |     1 |     9 ||    10
  Use: Scroll            |       |     4 |     6 |    13 ||    23
       Potion            |       |     2 |       |       ||     2
 Stab: Sleeping          |     2 |       |     1 |       ||     3
       Invisible         |       |       |     7 |    20 ||    27
       Distracted        |       |       |     1 |       ||     1
       Paralysed         |       |       |     3 |     6 ||     9
  Eat: Chunk             |     9 |    19 |    47 |    47 ||   122
       Ration            |       |       |     1 |       ||     1
Armor: Robe              |    23 |    44 |   138 |    35 ||   240
       Steam dragon scal |       |       |     2 |    96 ||    98
Dodge: Dodged            |    35 |    67 |   210 |   194 ||   506
Block: Large shield      |       |       |       |    93 ||    93
